 Dungeon Crawl Stone Soup version 0.18-a0-117-g77bb7e1 (webtiles) character file.

4678 Proton the Blocker (level 10, -2/80 HPs)
             Began as a Formicid Fighter on Nov 18, 2015.
             Was a Follower of Qazlal.
             Slain by a komodo dragon (7 damage)
             ... on level 12 of the Dungeon.
             The game lasted 00:23:25 (9694 turns).

Proton the Blocker (Formicid Fighter)               Turns: 9694, Time: 00:23:25

Health: -2/80      AC: 13    Str: 28    XL:     10   Next: 72%
Magic:  11/11      EV: 13    Int: 10    God:    Qazlal [*.....]
Gold:   299        SH: 13    Dex: 10    Spells: 0 memorised, 9 levels left

rFire  . . .     SeeInvis +     n - +7 spear of Venlyaj {pierce, +Fly}
rCold  . . .     Clarity  +     E - +4 ring mail "Ipaihel" {Str+3 Stlth+}
rNeg   . . .     SustAt   .     c - +0 shield
rPois  +         Gourm    .     (helmet unavailable)
rElec  .         Spirit   .     (no cloak)
rCorr  .         Warding  .     w - +1 pair of gloves
rMut   .         Stasis   +     (no boots)
MR     +....                    (no amulet)
Stlth  +.........               y - ring of poison resistance
                                G - +3 ring of intelligence

@: somewhat resistant to hostile enchantments, very unstealthy
A: permanent stasis, dig shafts and tunnels, four strong arms, antennae 3, claws
1, fangs 1, clarity, evolution 1, subdued magic 1
a: Dig, Shaft Self, Renounce Religion, Evoke Flight


You were on level 12 of the Dungeon.
You worshipped Qazlal.
Qazlal was aware of your devotion.
You were not hungry.

You visited 2 branches of the dungeon, and saw 12 of its levels.

You collected 587 gold pieces.
You spent 288 gold pieces at shops.

Inventory:

Hand Weapons
 a - a +0 long sword
 n - the +7 spear of Venlyaj (weapon) {pierce, +Fly}
   (You found it on level 5 of the Dungeon)

   It inflicts extra damage upon your enemies.
   It lets you fly.
Missiles
 x - 8 poisoned javelins (quivered)
Armour
 c - a +0 shield (worn)
 w - a +1 pair of gloves (worn)
 E - the +4 ring mail "Ipaihel" (worn) {Str+3 Stlth+}
   (You bought it in a shop on level 7 of the Dungeon)

   It affects your strength (+3).
   It makes you more stealthy.
Jewellery
 y - a ring of poison resistance (right hand)
 G - a +3 ring of intelligence (left hand)
Scrolls
 b - a scroll of brand weapon {unknown}
 g - a scroll of recharging {unknown}
 h - a scroll of noise {unknown}
 i - 2 scrolls of amnesia {unknown}
 j - 2 scrolls of teleportation {unknown}
 o - 2 scrolls of magic mapping
 p - 3 scrolls of enchant armour
 r - a scroll of fear {unknown}
 s - a scroll of blinking {unknown}
 u - 5 scrolls of remove curse {unknown}
 v - a scroll of immolation {unknown}
 C - a scroll of torment {unknown}
Potions
 d - a potion of might
 e - 4 potions of cancellation
 f - 5 potions of curing
 l - 2 potions of heal wounds
 m - a potion of lignification
 q - 2 potions of flight
 A - a potion of brilliance
Comestibles
 k - 6 beef jerkies
 t - 3 meat rations
 D - a bread ration
 F - 3 fruits


   Skills:
 + Level 7.9 Fighting
 + Level 7.0 Long Blades
 + Level 7.7 Armour
 + Level 6.2 Dodging
 + Level 8.7 Shields
 + Level 2.4 Invocations


You had 9 spell levels left.
You didn't know any spells.

Dungeon Overview and Level Annotations

Branches:
Dungeon (12/15)            Temple (1/1) D:7
   Lair: D:8-11         Orc: D:9-12

Altars:
Dithmenos
Elyvilon
Fedhas
Gozag
Kikubaaqudgha
Makhleb
Nemelex Xobeh
Qazlal
Ru
Vehumet
Yredelemnul

Shops:
D:7 [

Portals:
Trove: D:10 (give +4 demon whip)


Innate Abilities, Weirdness & Mutations

You are under a permanent stasis effect.
You can dig through walls and to a lower floor.
Your four strong arms can wield two-handed weapons with a shield.
You have a pair of large antennae on your head (SInv).
You have sharp fingernails.
You have very sharp teeth.
You possess an exceptional clarity of mind.
You evolve.
Your spells are a little easier to cast, but a little less powerful.


Message History

The komodo dragon hisses angrily.
Found a scroll of magic mapping.
Found 24 gold pieces.
You puncture the komodo dragon!
The komodo dragon is lightly wounded.
You block the komodo dragon's attack.
You puncture the komodo dragon!
You bite the komodo dragon, but do no damage.
The komodo dragon is heavily wounded.
The komodo dragon bites you!
* * * LOW HITPOINT WARNING * * *
You puncture the komodo dragon! Your bite misses the komodo dragon.
The komodo dragon is severely wounded.
The komodo dragon bites you!
* * * LOW HITPOINT WARNING * * *
You hit the komodo dragon.
You bite the komodo dragon, but do no damage.
The komodo dragon is severely wounded.
The komodo dragon bites you!
You die...

#..#####
#......
#........#
#..?.....#
+.$......#
#........#
#.#......#
#@#......#
#.l......#
#........#
#........#
#......S.#
#.######.#
#.# # #.#
#..


You could see a komodo dragon and an adder (sleeping).

Vanquished Creatures
  The ghost of twist the Cleaver, an amateur DDFi of Elyvilon (D:4)
  Sigmund (D:6)
  A wraith (D:10)
  Eustachio (D:6)
  A wyvern (D:9)
  Menkaure (D:7)
  Duvessa (D:6)
  An orc warrior (D:9)
  An ice beast (D:3)
  The ghost of Proton the Skirmisher, an amateur NaFi (D:3)
  2 phantoms
  3 sky beasts
  3 necrophages (D:6)
  6 ogres
  3 centaurs
  3 giant frogs
  2 big kobolds
  A gnoll sergeant (D:3)
  Dowan (D:6)
  3 scorpions
  2 crimson imps
  4 hounds
  3 gnoll shamans (D:3)
  A giant frog skeleton (D:5)
  4 iguanas
  A jelly (D:3)
  An orc priest (D:9)
  3 orc wizards
  10 worker ants
  A hound zombie (D:6)
  2 hound skeletons
  11 adders
  30 gnolls
  2 shadow imps
  An adder zombie (D:6)
  An adder skeleton (D:4)
  A worm (D:2)
  12 orcs
  2 ball pythons (D:3)
  12 bats
  4 giant cockroaches
  9 goblins
  6 hobgoblins
  19 jackals
  18 kobolds
  3 giant geckos
  A giant gecko skeleton (D:9)
  2 giant gecko zombies
  3 giant newts
  A jackal skeleton (D:8)
  2 quokkas
  3 quokka zombies
  5 rats
  A bush (D:6)
218 creatures vanquished.

Vanquished Creatures (others)
  3 plants (D:6)
3 creatures vanquished.

Grand Total: 221 creatures vanquished

Notes
Turn   | Place    | Note
--------------------------------------------------------------
     0 | D:1      | Proton the Formicid Fighter began the quest for the Orb.
     0 | D:1      | Reached XP level 1. HP: 18/18 MP: 1/1
   303 | D:1      | Reached XP level 2. HP: 24/24 MP: 2/2
   568 | D:1      | Reached skill level 1 in Dodging
   568 | D:1      | Reached XP level 3. HP: 29/29 MP: 3/3
  1010 | D:2      | Reached XP level 4. HP: 27/35 MP: 4/4
  1641 | D:3      | Found a sacrificial altar of Ru.
  1666 | D:3      | Reached skill level 4 in Armour
  1729 | D:3      | Reached XP level 5. HP: 39/42 MP: 5/5
  2206 | D:3      | Reached XP level 6. HP: 19/48 MP: 6/6
  2454 | D:3      | Noticed Proton's ghost (amateur NaFi)
  3289 | D:3      | Reached skill level 5 in Shields
  3293 | D:3      | Reached XP level 7. HP: 37/54 MP: 7/7
  3876 | D:3      | Killed Proton's ghost
  4623 | D:4      | Reached skill level 5 in Armour
  4623 | D:4      | Reached XP level 8. HP: 59/61 MP: 8/8
  4752 | D:4      | Found an ancient bone altar of Kikubaaqudgha.
  4752 | D:4      | Found a radiant altar of Vehumet.
  4809 | D:4      | Noticed twist's ghost (amateur DDFi)
  4828 | D:5      | Entered Level 5 of the Dungeon
  4837 | D:5      | Reached skill level 5 in Fighting
  4916 | D:5      | Found a shadowy altar of Dithmenos.
  5506 | D:5      | Reached skill level 6 in Shields
  5951 | D:5      | Got a crystal spear
  5952 | D:5      | Identified the +7 spear of Venlyaj {pierce, +Fly} (You found it on level 5 of the Dungeon)
  6262 | D:4      | Killed twist's ghost
  6262 | D:4      | Reached skill level 5 in Long Blades
  6262 | D:4      | Reached XP level 9. HP: 34/69 MP: 9/9
  6473 | D:6      | Noticed Sigmund
  6484 | D:6      | Killed Sigmund
  6484 | D:6      | Reached skill level 7 in Shields
  6520 | D:6      | Noticed Dowan
  6523 | D:6      | Noticed Duvessa
  6679 | D:6      | Killed Duvessa
  6738 | D:6      | Noticed Eustachio
  6758 | D:6      | Killed Eustachio
  6904 | D:6      | Killed Dowan
  6904 | D:6      | Reached skill level 5 in Dodging
  6990 | D:6      | Found a blossoming altar of Fedhas.
  7248 | D:6      | Reached XP level 10. HP: 65/79 MP: 10/10
  7358 | D:7      | Noticed Menkaure
  7367 | D:7      | Killed Menkaure
  7571 | D:7      | Reached skill level 8 in Shields
  7575 | D:7      | Gained mutation: You have sharp fingernails. [mutagenic meat]
  7576 | D:7      | Gained mutation: Your spells are a little easier to cast, but a little less powerful. [mutagenic meat]
  7577 | D:7      | Gained mutation: You evolve. [mutagenic meat]
  7578 | D:7      | Gained mutation: You possess an exceptional clarity of mind. [mutagenic meat]
  7579 | D:7      | Gained mutation: You have very sharp teeth. [mutagenic meat]
  7617 | D:7      | Found a stormy altar of Qazlal.
  7630 | D:7      | Became a worshipper of Qazlal Stormbringer
  7690 | D:7      | Found Qishrol's Antique Armour Shop.
  7698 | D:7      | Bought a bloodstained ring mail for 288 gold pieces
  7708 | D:7      | Identified the +4 ring mail "Ipaihel" {Str+3 Stlth+} (You bought it in a shop on level 7 of the Dungeon)
  7771 | D:7      | Found a staircase to the Ecumenical Temple.
  7837 | Temple   | Entered the Ecumenical Temple
  8517 | D:8      | Found a white marble altar of Elyvilon.
  8530 | D:8      | Found a burning altar of Makhleb.
  9159 | D:9      | Reached skill level 1 in Invocations
  9303 | D:9      | Reached * piety under Qazlal
  9458 | D:10     | Entered Level 10 of the Dungeon
  9552 | D:10     | Found a portal to a secret trove of treasure.
  9607 | D:10     | Noticed a hill giant
  9688 | D:9      | You fall through a shaft for 3 floors!
  9694 | D:12     | Slain by a komodo dragon

Vault maps used:
D:1:      lightli_molten_gateway
D:3:      lemuel_castle_with_subvaults, nicolae_ru_great_annihilating_truth,
          first_bread
D:4:      gammafunk_temple_overflow_wave, minivault_5
D:5:      old_standard_altar, nicolae_ossuary_entry_ruins, corexii_checkpoint_b
D:6:      fedhas_altar_decomposition, nicolae_underground_beach, uniq_sigmund,
          uniq_eustachio, uniq_duvessa
D:7:      grunt_qazlal_sundering, minmay_temple_entry_junction2, serial_shops,
          nicolae_shop_trees, uniq_menkaure
D:8:      nicolae_overflow_hidden_temple
D:9:      cheibrodos_stairvault_heist
D:10:     enter_trove_2, uniq_fannar
D:12:     minmay_orc_entry_temple_small, serial_shops, shop
Temple:   triangle_lava_temple_11

Action                   |  1- 3 |  4- 6 |  7- 9 | 10-12 || total
-------------------------+-------+-------+-------+-------++-------
Melee: Long sword        |    99 |   263 |   338 |       ||   700
       Spear             |       |       |   193 |   220 ||   413
 Abil: Shaft Self        |       |       |       |     1 ||     1
  Use: Scroll            |       |     1 |     7 |     3 ||    11
       Potion            |       |       |     1 |       ||     1
 Stab: Paralysed         |       |     1 |       |       ||     1
       Sleeping          |       |       |       |     7 ||     7
       Distracted        |       |       |       |     1 ||     1
  Eat: Bread ration      |       |     1 |     2 |     2 ||     5
       Pizza             |       |     1 |       |       ||     1
       Meat ration       |       |     1 |     1 |       ||     2
       Chunk             |       |       |       |     5 ||     5
